 Dungeon Sprint DCSS version 0.27.0-65-ge2af304b15 (webtiles) character file.

Game seed: 1413346683051857625

2067 ABBCCCDDDD the Fighter (level 9, -14/91 HPs)
             Began as a Minotaur Berserker on Aug 18, 2021.
             Was a High Priest of Trog.
             Demolished by a boulder beetle (22 damage)
             ... in the Dungeon (Sprint II: "The Violet Keep of Menkaure").
             The game lasted 00:01:20 (676 turns).

ABBCCCDDDD the Fighter (Minotaur Berserker)          Turns: 676, Time: 00:01:20

Health: -14/91     AC:  3    Str: 26    XL:     9   Next: 5%
Magic:  8/8        EV: 15    Int:  4    God:    Trog [*****.]
Gold:   972        SH:  0    Dex:  9    Spells: 8/8 levels left

rFire    . . .     SeeInvis .   a - +0 hand axe
rCold    . . .     Faith    .   (no shield)
rNeg     . . .     Spirit   .   b - +0 animal skin
rPois    .         Reflect  .   (helmet restricted)
rElec    .         Harm     .   (no cloak)
rCorr    .         Rampage  .   (no gloves)
Will     ++...     Rnd*Rage +   (no boots) Stlth +.........NoTele +
                                (no amulet)
HPRegen  1.25/turn              (no ring)
MPRegen  0.11/turn              (no ring)

@: strong-willed, on berserk cooldown, regenerating, slowed, very slow
A: horns 2, retaliatory headbutt, berserk 1, screaming 1
a: Renounce Religion, Berserk, Trog's Hand, Brothers in Arms


You were in the Dungeon.
You worshipped Trog.
Trog was extremely pleased with you.
You visited 1 branch You collected 972 gold pieces.

Inventory:

Hand Weapons
 a - a +0 hand axe (weapon)
Armour
 b - a +0 animal skin (worn)
Scrolls
 h - a scroll of blinking
Potions
 d - a potion of heal wounds
 e - a potion of haste
 f - 2 potions of magic
 g - a potion of berserk rage


   Skills:
 + Level 12.5 Fighting
 + Level 12.5 Axes
 + Level 12.2 Armour
 + Level 11.3 Dodging


You had 8 spell levels left.
You didn't know any spells.
Your spell library was empty.

Dungeon Overview and Level Annotations

Branches:
Dungeon (1/1)

Altars:

Shops:
D :[!=([


Innate Abilities, Weirdness & Mutations

You have a pair of horns on your head.
You reflexively headbutt those who attack you in melee.
You tend to lose your temper in combat.
You occasionally shout uncontrollably at your foes.


Message History

The boulder beetle closely misses you. You furiously retaliate!
You headbutt the boulder beetle!
The boulder beetle curls into a ball and begins rolling!
You slice the boulder beetle!!
You kill the boulder beetle!
Trog accepts your kill.
Trog will now gift you melee weapons as you gain piety.
Your Fighting skill increases to level 12!
Your Axes skill increases to level 12!
Your Armour skill increases to level 12!
Your Dodging skill increases to level 11!
You have reached level 9!
Your experience leads to an increase in your attributes!
Increase (S)trength, (I)ntelligence, or (D)exterity?
You feel stronger.
You are no longer berserk.
You are exhausted.
You feel yourself slow down.
You now have 972 gold pieces (gained 243).
The boulder beetle misses you.
The boulder beetle stops rolling and uncurls.
You hit the boulder beetle but do no damage.
The boulder beetle bites you!
* * * LOW HITPOINT WARNING * * *
You hit the boulder beetle.
The boulder beetle is lightly wounded.
The boulder beetle misses you.
You hit the boulder beetle but do no damage.
You headbutt the boulder beetle.
The boulder beetle is lightly wounded.
The boulder beetle barely misses you.
Your skin crawls.
You feel strong-willed. The boulder beetle barely misses you.
You furiously retaliate!
You headbutt the boulder beetle! The boulder beetle bites you!!
* * * LOW HITPOINT WARNING * * *
You completely miss the boulder beetle.
The boulder beetle is lightly wounded.
The boulder beetle bites you!!
You die...

.... . ##°## ..
##...# ..∩ #.##○.#
.∩.∩ ####.######
∩.∩.# #.###'# #.##
.∩..#≈##..##.##...#
⌠...'≈'.##'.<.B###+
....#≈##..##○##@..#
▓▓### #.###†###.##
#### ####.#†####
#..#..# ##...##
##+##


You could see a boulder beetle.

Levels and vault maps discovered:
D:        the_violet_keep_of_menkaure [sprint2_stairs_cluster_1,
          sprint2_shoproom, sprint2_temple, sprint2_basic_supplies,
          sprint2_obstacle_4, sprint2_obstacle_1, sprint2_obstacle_3,
          sprint2_obstacle_6, sprint2_obstacle_5, sprint2_timed_cluster_1,
          sprint2_smallroom_cluster_1, sprint2_smallroom_final_cluster_1,
          sprint2_transparent_cluster_1, sprint2_second_timed_cluster_1,
          sprint2_sniper_area_1, sprint2_heavy_combat_area_1,
          sprint2_mutation_trap_area_1, sprint2_forest_area_1,
          sprint2_light_combat_area_1, sprint2_behind_water_1,
          sprint2_near_end_vault_1]

Notes
Turn   | Place    | Note
-------+----------+-------------------------------------------
     0 | D        | ABBCCCDDDD the Minotaur Berserker began the quest for the
                  | Orb.
     0 | D        | Reached XP level 1. HP: 19/19 MP: 0/0
     1 | D        | Noticed a neqoxec
     4 | D        | Gained mutation: You occasionally shout uncontrollably at
                  | your foes. [a neqoxec]
     7 | D        | Noticed a neqoxec
     8 | D        | Killed a neqoxec
     9 | D        | Reached skill level 5 in Dodging
     9 | D        | Reached XP level 2. HP: 31/31 MP: 1/1
     9 | D        | Reached XP level 3. HP: 38/38 MP: 2/2
     9 | D        | Reached XP level 4. HP: 45/45 MP: 3/3
    10 | D        | Killed a neqoxec
    11 | D        | Reached XP level 5. HP: 53/53 MP: 4/4
    11 | D        | Noticed a neqoxec
    52 | D        | Noticed an obsidian statue
    53 | D        | Noticed a neqoxec
    66 | D        | Gained mutation: You tend to lose your temper in combat. [a
                  | neqoxec]
    68 | D        | Killed a neqoxec
    68 | D        | Reached ** piety under Trog
    69 | D        | Reached XP level 6. HP: 41/63 MP: 5/5
    74 | D        | Killed a redback
    83 | D        | Killed Kirke
   241 | D        | Reached XP level 7. HP: 71/71 MP: 6/6
   241 | D        | Reached *** piety under Trog
   242 | D        | Reached skill level 10 in Fighting
   242 | D        | Reached skill level 10 in Axes
   248 | D        | Noticed Menkaure
   257 | D        | Killed Menkaure
   258 | D        | Reached skill level 10 in Armour
   315 | D        | Noticed a redback
   317 | D        | Killed a neqoxec
   329 | D        | Reached **** piety under Trog
   332 | D        | Killed a redback
   333 | D        | Reached XP level 8. HP: 36/82 MP: 7/7
   587 | D        | Found Plog's Distillery.
   587 | D        | Found Wuos Ozu's Antique Weapon Shop.
   587 | D        | Found Diupakhle's Book Boutique.
   587 | D        | Found Jahosu's Antique Armour Shop.
   587 | D        | Found Miloz's Armour Boutique.
   587 | D        | Found Moreraf's Jewellery Boutique.
   599 | D        | Reached skill level 10 in Dodging
   655 | D        | Noticed a boulder beetle
   655 | D        | Noticed a boulder beetle
   669 | D        | Killed a boulder beetle
   669 | D        | Reached ***** piety under Trog
   670 | D        | Reached XP level 9. HP: 48/91 MP: 8/8
   676 | D        | Demolished by a boulder beetle

Table legend: (Time is in decaauts)
 A = Elapsed time spent in this place.
 B = Non-inter-level travel time spent in this place.
 C = Inter-level travel time spent in this place.
 D = Time resting spent in this place.
 E = Time spent auto-exploring this place.
 F = Levels seen in this place.
 G = Mean time per level.
                   A        B        C        D        E       F      G
               +--------+--------+--------+--------+--------+-----+--------+
         Total |    707 |    707 |      0 |    594 |      0 |   1 |  707.0 |
       Dungeon |    707 |    707 |      0 |    594 |      0 |   1 |  707.0 |
               +--------+--------+--------+--------+--------+-----+--------+

Top non-repeatable levels by time:
       D: 707 daAuts

Table legend:
 A = Kills in this place as a percentage of kills in entire the game.
 B = Kills by you in this place as a percentage of kills by you in the entire game.
 C = Kills by friends in this place as a percentage of kills by friends in the entire game.
 D = Other kills in this place as a percentage of other kills in the entire game.
 E = Experience gained in this place as a percentage of experience gained in the entire game.
 F = Experience gained in this place divided by the number of levels of this place that you have seen.
                   A       B       C       D       E      F
               +-------+-------+-------+-------+-------+----------------------
         Total | 100.0 | 100.0 |   N/A |   N/A | 100.0 | 2953.0
       Dungeon | 100.0 | 100.0 |   N/A |   N/A | 100.0 | 2953.0
               +-------+-------+-------+-------+-------+----------------------

Action                   |  1- 3 |  4- 6 |  7- 9 || total
-------------------------+-------+-------+-------++-------
Melee: Hand axe          |     5 |    15 |    53 ||    73
       Headbutt          |       |     1 |    11 ||    12
Invok: Berserk           |     1 |     2 |     3 ||     6
       Trog's Hand       |       |       |     1 ||     1
  Use: Potion            |       |     1 |       ||     1
Armor: Animal skin       |       |     1 |       ||     1
Dodge: Dodged            |     1 |     3 |    20 ||    24

Vanquished Creatures
  A boulder beetle (D)
  A redback (D)
  4 neqoxecs (D)
  Menkaure (D)
  A water moccasin (D)
  4 necrophages (D)
  4 scorpions (D)
16 creatures vanquished.

Vanquished Creatures (others)
  Kirke (D)
  A redback (D)
2 creatures vanquished.

Grand Total: 18 creatures vanquished
